 Dungeon Crawl Stone Soup version 0.17.1-3-g152610e (webtiles) character file.

130 Locuples the Conjurer (level 4, 24/24 HPs)
             Began as a Deep Elf Conjurer on Mar 25, 2016.
             Got out of the dungeon alive.
             The game lasted 00:08:55 (1905 turns).

Locuples the Conjurer (Deep Elf Conjurer)           Turns: 1905, Time: 00:08:55

Health: 24/24      AC:  3    Str:  5    XL:     4   Next: 89%
Magic:  13/13      EV: 12    Int: 21    God:
Gold:   141        SH:  0    Dex: 15    Spells: 1 memorised, 12 levels left

rFire  . . .     SeeInvis .     (no weapon)
rCold  . . .     Clarity  .     k - +0 leather armour (curse)
rNeg   . . .     SustAt   .     (no shield)
rPois  .         Gourm    .     (no helmet)
rElec  .         Spirit   .     (no cloak)
rCorr  .         Warding  .     (no gloves)
rMut   .         Stasis   .     (no boots)
MR     .....                    (no amulet)
Stlth  ++........               (no ring)
                                (no ring)

@: not resistant to hostile enchantments, unstealthy
A: no striking features
a: no special abilities


You escaped.
You were hungry.

You visited 1 branch of the dungeon, and saw 2 of its levels.

You collected 141 gold pieces.

Inventory:

Armour
 a - a +0 robe
 k - a cursed +0 leather armour (worn)
Scrolls
 d - 4 scrolls of remove curse {unknown}
 g - a scroll of enchant armour {unknown}
 h - a scroll of fear {unknown}
 j - 3 scrolls of identify {unknown}
 l - a scroll of random uselessness {unknown}
 m - a scroll of enchant weapon {unknown}
Potions
 e - 3 potions of curing {unknown}
 f - a potion of might {unknown}
 i - 2 potions of mutation {unknown}
Books
 b - a book of Conjurations

   Spells                             Type                      Level
   a - Magic Dart                     Conjuration                  1
   b - Searing Ray                    Conjuration                  2
   c - Dazzling Spray                 Conjuration/Hexes            3
   d - Fulminant Prism                Conjuration/Hexes            4
   e - Iskenderun's Mystic Blast      Conjuration                  4
   f - Iskenderun's Battlesphere      Conjuration/Charms           5
Comestibles
 c - 4 bread rations


   Skills:
 - Level 2.4 Dodging
 - Level 2.4 Stealth
 * Level 5.1 Spellcasting
 + Level 5.8 Conjurations


You had 12 spell levels left.
You knew the following spells:

 Your Spells              Type           Power        Failure   Level  Hunger
a - Magic Dart            Conj           ####         1%          1    None


Dungeon Overview and Level Annotations

Branches:
Dungeon (2/15)

Altars:


Message History

You can't see any susceptible monsters within range! (Use Z to cast anyway.) Unknown command.
You are feeling hungry.
You see here a stone.
Things that are here:
a stone; a kobold skeleton You see here a club.
There is a stone staircase leading down here.
There is a stone staircase leading up here.
You climb upwards.
A bat comes into view.
The bat moves out of view.
There is a stone staircase leading down here.
A hobgoblin comes into view. It is wielding a club.
There is an open door here.
There is an open door here.
There is an open door here.
There is a staircase leading out of the dungeon here.
Are you sure you want to leave the Dungeon?
This will make you lose the game!
You have escaped!

...########...# #......#.#
.##...........###.#..###.#
........(.....'......#...#
.##...........########'#.#
.##........#### #..##.#
.##........# ###'#+#.#
.##........# #..##...#
.##........# ###'#'#'#.#
.##........# #@..#..##.#
.##........# ###+#'#'#.#
.##........# #(.##...#
.##........# ###'#'#.#
###........# #..##.#
#........# ###'#.#
########## #...# #####


There were no monsters in sight!

Vanquished Creatures
  Ijyb (D:2)
  5 adders (D:2)
  An ooze (D:1)
  2 giant geckos (D:2)
  3 ball pythons
  3 bats (D:1)
  6 hobgoblins
  6 jackals
  A giant cockroach (D:2)
  5 giant newts
  4 goblins (D:1)
  11 kobolds
  3 rats
51 creatures vanquished.

Notes
Turn   | Place    | Note
--------------------------------------------------------------
     0 | D:1      | Locuples the Deep Elf Conjurer began the quest for the Orb.
     0 | D:1      | Reached XP level 1. HP: 10/10 MP: 6/6
   149 | D:1      | Reached XP level 2. HP: 3/15 MP: 0/8
   524 | D:1      | Reached skill level 5 in Conjurations
   859 | D:1      | Reached XP level 3. HP: 17/19 MP: 0/9
  1369 | D:2      | Reached XP level 4. HP: 24/24 MP: 2/12
  1531 | D:2      | Noticed Ijyb
  1536 | D:2      | Killed Ijyb
  1536 | D:2      | Reached skill level 5 in Spellcasting
  1905 | D:$      | Got out of the dungeon alive.

Action                   |  1- 3 |  4- 6 || total
-------------------------+-------+-------++-------
 Cast: Magic Dart        |    74 |    34 ||   108
  Eat: Chunk             |     1 |     1 ||     2
